[Event "Titled Tuesday Blitz June 13 Early 2023"]
[White "Fieberg, Samuel"]
[Black "Danielyan, Vahe"]
[WhiteFideId "12901717"]
[BlackFideId "13304828"]
[WhiteElo "2549"]
[BlackElo "2423"]
[Result "1/2-1/2"]
[Round "4"]
[TimeControl "180+2"]
[Date "2023.06.13"]
[WhiteClock "0:00:08"]
[BlackClock "0:00:13"]
[Board "65"]

1. e4 c5 2. Nf3 e6 3. g3 Qc7 4. Bg2 a6 5. O-O Nc6 6. d4 cxd4 7. Nxd4 Nxd4 8. Qxd4 Nf6 9. e5 Nd5 10. Bxd5 exd5 11. Nc3 Bc5 12. Nxd5 Qc6 13. Qe4 b5 14. Nc3 Bb7 15. Qxc6 Bxc6 16. Bf4 O-O 17. Rad1 Rfc8 18. Nd5 Kf8 19. c3 a5 20. Rd2 b4 21. c4 a4 22. Be3 Bxd5 23. Bxc5+ Rxc5 24. cxd5 Rac8 25. Rfd1 Ke7 26. Rd4 Rc4 27. b3 Rxd4 28. Rxd4 a3 29. Rxb4 Rc2 30. Ra4 Rxa2 31. Kg2 Rd2 32. Rxa3 Rxd5 33. f4 Rd2+ 34. Kh3 Rd3 35. Kg4 h6 36. h4 g6 37. h5 gxh5+ 38. Kxh5 Rxg3 39. Kxh6 Rg4 40. f5 Rg3 41. Kh5 Re3 42. e6 fxe6 43. fxe6 Kxe6 44. Ra6+ d6 45. Rb6 Ke5 46. Kg4 d5 47. Rb8 d4 48. Re8+ Kd5 49. Rxe3 dxe3 50. Kf3 Kd4 51. Ke2 Kc3 52. Kxe3 Kb4 53. Kd3 Kxb3 1/2-1/2


[Site "https://www.chess.com"]

[Event "Titled Tuesday Blitz June 13 Early 2023"]
[White "Safin, Robert"]
[Black "Djordjevic, Vuk"]
[WhiteFideId "34189120"]
[BlackFideId "902098"]
[WhiteElo "2341"]
[BlackElo "2463"]
[Result "1-0"]
[Round "4"]
[TimeControl "180+2"]
[Date "2023.06.13"]
[WhiteClock "0:00:51"]
[BlackClock "0:00:01"]
[Board "66"]

1. e4 d5 2. exd5 Qxd5 3. Nc3 Qd6 4. d4 Nf6 5. Nf3 c6 6. Ne5 Nbd7 7. Bf4 Nd5 8. Nxd5 Qxd5 9. Nxd7 Bxd7 10. c3 h5 11. h4 g6 12. Qb3 Qe4+ 13. Be3 b6 14. O-O-O Bf5 15. Bd3 Qxg2 16. Bxf5 gxf5 17. d5 Qf3 18. Rhg1 Qe4 19. Rd4 Qe5 20. dxc6 Qc7 21. Qb5 e6 22. Rd7 Qc8 23. Bd4 a6 24. Qxf5 Qxc6 25. Qxf7# 1-0


[Site "https://www.chess.com"]

[Event "Titled Tuesday Blitz June 13 Early 2023"]
[White "gau_npukyputb"]
[Black "Mamedov, Edgar"]
[BlackFideId "13739980"]
[WhiteElo "2729"]
[BlackElo "2317"]
[Result "1/2-1/2"]
[Round "4"]
[TimeControl "180+2"]
[Date "2023.06.13"]
[WhiteClock "0:00:11"]
[BlackClock "0:00:04"]
[Board "67"]

1. f4 d5 2. Nf3 Bg4 3. d4 Bxf3 4. exf3 e6 5. Bd3 Nf6 6. f5 exf5 7. Bxf5 Be7 8. O-O O-O 9. Nc3 Nc6 10. Ne2 Re8 11. c3 Bf8 12. Bg5 g6 13. Bc2 Bg7 14. Qd2 Qd6 15. Rae1 Nd8 16. Bf4 Qd7 17. Nc1 Ne6 18. Be3 c6 19. Nd3 Qc7 20. g4 h5 21. g5 Nd7 22. f4 Nb6 23. b3 Nc8 24. Ne5 Nd6 25. Bf2 Rad8 26. Bg3 Nf5 27. Bxf5 gxf5 28. Qd3 c5 29. dxc5 Nxc5 30. Qxf5 Ne4 31. c4 Nd6 32. Qh3 dxc4 33. Qxh5 c3 34. g6 f6 35. Ng4 Ne4 36. Bh4 Qc5+ 37. Qxc5 Nxc5 38. Bxf6 c2 39. Bxd8 Rxd8 40. Rc1 Rd2 41. Ne5 Bxe5 42. fxe5 Nd3 43. e6 Nxc1 44. e7 Ne2+ 45. Kh1 Ng3+ 46. hxg3 Re2 47. Rc1 Kg7 48. Rxc2 Rxe7 49. Kg2 Kxg6 50. Rf2 Rd7 51. g4 Kg5 52. Kg3 Rd3+ 53. Rf3 Rd2 54. Rf5+ Kg6 55. a4 Rd3+ 56. Rf3 Rd4 57. Re3 Rb4 58. Kh4 a5 59. Rd3 b5 60. Rd6+ Kg7 61. Rb6 bxa4 62. Ra6 axb3 63. Ra7+ Kg6 64. Ra6+ Kf7 65. Ra7+ Ke6 66. Ra6+ Ke5 67. Rxa5+ Kd4 68. Ra1 b2 69. Rb1 Kc3 70. Kh5 Kc2 71. Rxb2+ Kxb2 72. g5 Kc3 73. g6 Kd4 74. g7 Rb8 75. Kg6 Ke5 76. Kf7 Rb7+ 77. Kg6 Rb8 78. Kf7 Rb7+ 79. Kg6 Rb8 1/2-1/2


[Site "https://www.chess.com"]

[Event "Titled Tuesday Blitz June 13 Early 2023"]
[White "Liu, Casper"]
[Black "Quintiliano Pinto, Renato R."]
[WhiteFideId "1454153"]
[BlackFideId "2117568"]
[WhiteElo "2221"]
[BlackElo "2459"]
[Result "0-1"]
[Round "4"]
[TimeControl "180+2"]
[Date "2023.06.13"]
[WhiteClock "0:00:26"]
[BlackClock "0:00:06"]
[Board "68"]

1. Nc3 c5 2. Nf3 Nc6 3. d4 cxd4 4. Nxd4 g6 5. Bg5 Bg7 6. e3 Nf6 7. Bd3 O-O 8. h4 d5 9. h5 e5 10. Nxc6 bxc6 11. hxg6 fxg6 12. e4 Be6 13. Qe2 d4 14. Bc4 Qd6 15. O-O-O Rab8 16. f4 Rb4 17. Bxe6+ Qxe6 18. a3 Rxb2 19. Kxb2 dxc3+ 20. Ka1 exf4 21. Bxf4 Nxe4 22. Rd6 Qf5 23. Qc4+ Kh8 24. Rd4 Nd2 25. Qc5 Qxc5 0-1


[Site "https://www.chess.com"]

[Event "Titled Tuesday Blitz June 13 Early 2023"]
[White "Jaskolka, Tomasz"]
[Black "Turayev, Shahruh"]
[WhiteFideId "1170791"]
[BlackFideId "14003856"]
[WhiteElo "2155"]
[BlackElo "2113"]
[Result "1/2-1/2"]
[Round "4"]
[TimeControl "180+2"]
[Date "2023.06.13"]
[WhiteClock "0:00:10"]
[BlackClock "0:00:11"]
[Board "69"]

1. d4 d5 2. Nc3 e6 3. Bf4 c6 4. e3 f5 5. Nf3 Nf6 6. Be2 Be7 7. Ne5 O-O 8. g4 Nbd7 9. gxf5 exf5 10. Rg1 Ne4 11. Nxe4 fxe4 12. Bg4 Nxe5 13. Bxe5 Bf6 14. Bg3 Qb6 15. Bxc8 Raxc8 16. b3 c5 17. c3 Qa5 18. Qd2 cxd4 19. cxd4 Rc3 20. Kf1 Qa6+ 21. Kg2 Rfc8 22. Rac1 Qc6 23. Rxc3 Qxc3 24. Rd1 h5 25. Qe2 h4 26. Bf4 Qc6 27. Qg4 Re8 28. Bg5 Qc8 29. Qxh4 Re6 30. Bxf6 Rxf6 31. Qg5 Qe6 32. Kh1 Rxf2 33. Rg1 Qf7 34. Qd8+ Kh7 35. Qh4+ Kg8 36. Qd8+ Kh7 37. Qh4+ Kg8 38. Qd8+ 1/2-1/2


[Site "https://www.chess.com"]

[Event "Titled Tuesday Blitz June 13 Early 2023"]
[White "Brunner, Nicolas"]
[Black "Papasimakopoulos, Alexandros"]
[WhiteFideId "620246"]
[BlackFideId "4244125"]
[WhiteElo "2319"]
[BlackElo "2359"]
[Result "0-1"]
[Round "4"]
[TimeControl "180+2"]
[Date "2023.06.13"]
[WhiteClock "0:00:00"]
[BlackClock "0:00:16"]
[Board "70"]

1. Nf3 g6 2. g3 Bg7 3. d4 f5 4. Bg2 Nf6 5. O-O O-O 6. b3 d6 7. Bb2 a5 8. a3 c6 9. Nbd2 Na6 10. Re1 Ne4 11. c4 Qc7 12. Qc2 Nxd2 13. Qxd2 e5 14. dxe5 dxe5 15. e4 Nc5 16. Qe3 Nxe4 17. Nxe5 Bxe5 18. Bxe5 Qxe5 19. f3 Be6 20. fxe4 f4 21. gxf4 Rxf4 22. Rad1 Raf8 23. Qd4 Qg5 24. Rd3 Qh4 25. Rg3 Rg4 26. Qe5 Qf6 27. Qxf6 Rxf6 28. Rxg4 Bxg4 29. e5 Rf4 30. h3 Be6 31. Rd1 a4 32. bxa4 Bxc4 33. Rd8+ Rf8 34. Rd7 Rf7 35. Rd8+ Kg7 36. Re8 Rd7 37. e6 Rd1+ 38. Kh2 Kf6 39. e7 Rd7 40. Kg3 Rxe7 41. Rb8 Ke5 42. a5 Ba6 43. Ra8 c5 44. Rc8 c4 45. Bf1 Kd4 46. h4 Kc3 47. Kg4 Kb3 48. Kg5 Re5+ 49. Kh6 Rh5+ 50. Kg7 Rxh4 0-1


[Site "https://www.chess.com"]

[Event "Titled Tuesday Blitz June 13 Early 2023"]
[White "Srihari L R"]
[Black "Sowul, Bartosz"]
[WhiteFideId "46617116"]
[BlackFideId "1137590"]
[WhiteElo "2334"]
[BlackElo "2188"]
[Result "1-0"]
[Round "4"]
[TimeControl "180+2"]
[Date "2023.06.13"]
[WhiteClock "0:00:11"]
[BlackClock "0:00:12"]
[Board "71"]

1. c4 Nf6 2. Nc3 d5 3. cxd5 Nxd5 4. g3 c5 5. Bg2 Nc7 6. Nf3 Nc6 7. O-O e5 8. d3 Be7 9. Be3 Bd7 10. a3 O-O 11. Rb1 Rb8 12. b4 cxb4 13. axb4 b5 14. Ne4 Ne6 15. Qd2 Kh8 16. Rfc1 f5 17. Neg5 f4 18. Nxe6 Bxe6 19. Rxc6 fxe3 20. Qxe3 Bd5 21. Nxe5 Bxg2 22. Kxg2 Bf6 23. Nf3 Qd5 24. Rc5 Qa2 25. Rbc1 Rbe8 26. Qd2 Qxd2 27. Nxd2 Bd4 28. Ne4 Bxc5 29. Rxc5 Rb8 30. Nd6 a6 31. e4 Rb6 32. e5 h6 33. f4 Ra8 34. f5 Kg8 35. Kf3 a5 36. bxa5 Rxa5 37. Rc8+ Kh7 38. Nf7 g5 39. e6 Kg7 40. e7 Rf6 41. e8=Q Rxf5+ 42. Kg4 Ra4+ 43. Kxf5 Rf4+ 44. gxf4 Kh7 45. Qg8# 1-0


[Site "https://www.chess.com"]

[Event "Titled Tuesday Blitz June 13 Early 2023"]
[White "brm72"]
[Black "Martinez Ramirez, Lennis"]
[BlackFideId "3509079"]
[WhiteElo "2536"]
[BlackElo "2410"]
[Result "0-1"]
[Round "4"]
[TimeControl "180+2"]
[Date "2023.06.13"]
[WhiteClock "0:00:04"]
[BlackClock "0:00:13"]
[Board "72"]

1. e4 c5 2. Nf3 Nc6 3. Bb5 g6 4. Bxc6 dxc6 5. d3 Bg7 6. h3 Nf6 7. O-O O-O 8. a4 a5 9. Nbd2 Be6 10. Ng5 Bd7 11. Nc4 Ne8 12. Be3 b6 13. f4 Nd6 14. Ne5 Be8 15. Rb1 Qc8 16. Ngf3 f6 17. Ng4 f5 18. exf5 Nxf5 19. Bf2 Bf7 20. Nge5 Bd5 21. Ng5 h6 22. Ne4 Qe6 23. c4 Bxe5 24. fxe5 Bxe4 25. dxe4 Nd4 26. Bxd4 Rxf1+ 27. Kxf1 Qxc4+ 28. Kg1 Qxd4+ 29. Qxd4 cxd4 30. b4 c5 31. bxc5 bxc5 32. Kf1 c4 33. Ke2 Kf7 34. Rb6 Rc8 35. Kd2 c3+ 36. Kc1 d3 37. Rb3 Rc4 38. Ra3 Ke6 39. Rb3 Kxe5 40. Rb5+ Kxe4 41. Rxa5 e5 42. Rb5 Rxa4 43. Rb3 Kd4 0-1


[Site "https://www.chess.com"]

[Event "Titled Tuesday Blitz June 13 Early 2023"]
[White "Garakov, Mikhael"]
[Black "Di Benedetto, Edoardo"]
[WhiteFideId "4169034"]
[BlackFideId "875740"]
[WhiteElo "2347"]
[BlackElo "2296"]
[Result "1-0"]
[Round "4"]
[TimeControl "180+2"]
[Date "2023.06.13"]
[WhiteClock "0:00:02"]
[BlackClock "0:00:00"]
[Board "73"]

1. e4 e6 2. d4 d5 3. Nc3 Nf6 4. e5 Nfd7 5. f4 c5 6. Nf3 Nc6 7. Be3 Rb8 8. Qd2 Qa5 9. Be2 b5 10. O-O b4 11. Nd1 Ba6 12. Bxa6 Qxa6 13. Nf2 cxd4 14. Nxd4 Bc5 15. Rae1 Nxd4 16. Bxd4 O-O 17. f5 exf5 18. Bxc5 Nxc5 19. Qxd5 Rfc8 20. Nd3 Qe6 21. Nf4 Qb6 22. Kh1 Ne6 23. Nh5 Rxc2 24. Rxf5 Qe3 25. Ref1 Rd8 26. Qb7 Rc7 27. Qxb4 Nd4 28. R5f4 Rc1 29. Qe7 Ne6 30. Qxf7+ Kh8 31. Rxc1 Qxc1+ 32. Rf1 1-0


[Site "https://www.chess.com"]

[Event "Titled Tuesday Blitz June 13 Early 2023"]
[White "Manukian, Artak"]
[Black "Pulpan, Jakub"]
[WhiteFideId "13301373"]
[BlackFideId "302759"]
[WhiteElo "2130"]
[BlackElo "2484"]
[Result "0-1"]
[Round "4"]
[TimeControl "180+2"]
[Date "2023.06.13"]
[WhiteClock "0:00:08"]
[BlackClock "0:00:58"]
[Board "74"]

1. e4 c5 2. Nf3 Nc6 3. c3 e6 4. d4 d5 5. e5 Qb6 6. a3 Nge7 7. b4 cxd4 8. cxd4 Nf5 9. Bb2 Bd7 10. g4 Nfe7 11. Nc3 h5 12. Na4 Qd8 13. Nc5 Bc8 14. g5 b6 15. Nb3 Nf5 16. h4 a5 17. b5 Nb8 18. a4 Bb4+ 19. Nbd2 g6 20. Bd3 O-O 21. Bxf5 exf5 22. O-O Be6 23. Ba3 Bxa3 24. Rxa3 Ra7 25. Rc3 Rc7 26. Qb3 Rxc3 27. Qxc3 Qe7 28. Rc1 Nd7 29. Qc7 Qa3 30. Qc2 Rd8 31. Qc7 Re8 32. Rc6 Nf8 33. Qxb6 Qxa4 34. Qb7 Qd1+ 35. Kg2 f4 36. b6 Bf5 37. Rc3 Be4 38. Qc6 Qxd2 39. Kh2 Qxf2+ 0-1


[Site "https://www.chess.com"]

[Event "Titled Tuesday Blitz June 13 Early 2023"]
[White "benny_aizenberg"]
[Black "Rutvij09"]
[WhiteElo "2704"]
[BlackElo "2534"]
[Result "1-0"]
[Round "4"]
[TimeControl "180+2"]
[Date "2023.06.13"]
[WhiteClock "0:00:14"]
[BlackClock "0:00:02"]
[Board "75"]

1. e4 e5 2. Nf3 d6 3. d4 Bg4 4. dxe5 Nd7 5. exd6 Bxd6 6. Bc4 Qe7 7. Nc3 Ngf6 8. O-O O-O-O 9. h3 Bh5 10. Bg5 h6 11. Bxf6 Qxf6 12. Nd5 Qxb2 13. Rb1 Qa3 14. Rb3 Qa4 15. Qe2 Ne5 16. Bb5 Nxf3+ 17. gxf3 Qa5 18. e5 Bc5 19. Qc4 Bb6 20. Nxb6+ axb6 21. Rb4 Kb8 22. Ra4 Qd2 23. Bc6 Qg5+ 24. Kh1 Qf5 25. Ra8+ 1-0


[Site "https://www.chess.com"]

[Event "Titled Tuesday Blitz June 13 Early 2023"]
[White "Jaracz, Pawel"]
[Black "Khater, Sherif"]
[WhiteFideId "1102222"]
[BlackFideId "2034280"]
[WhiteElo "2454"]
[BlackElo "2529"]
[Result "1-0"]
[Round "4"]
[TimeControl "180+2"]
[Date "2023.06.13"]
[WhiteClock "0:02:10"]
[BlackClock "0:01:40"]
[Board "76"]

1. e4 e5 2. Nf3 Nf6 3. Nxe5 d6 4. Nc4 Nxe4 5. Ne3 c6 6. c4 Be7 7. Nc3 Nxc3 8. dxc3 O-O 9. Bd3 Nd7 10. Qh5 g6 11. Qe2 Ne5 12. Bc2 f5 13. f4 Ng4 14. Bd2 Nxe3 15. Bxe3 Bf6 16. O-O-O Re8 17. Qd2 Qc7 18. Rhe1 Re6 19. Bd4 Bxd4 20. Qxd4 Rxe1 21. Rxe1 Bd7 22. Re7 1-0


[Site "https://www.chess.com"]

[Event "Titled Tuesday Blitz June 13 Early 2023"]
[White "Kucuksari, Kaan"]
[Black "Rodchenkov, Sergey D."]
[WhiteFideId "6380166"]
[BlackFideId "4168712"]
[WhiteElo "2364"]
[BlackElo "2277"]
[Result "1-0"]
[Round "4"]
[TimeControl "180+2"]
[Date "2023.06.13"]
[WhiteClock "0:00:03"]
[BlackClock "0:01:37"]
[Board "77"]

1. e4 c5 2. Nf3 d6 3. d4 cxd4 4. Nxd4 Nf6 5. Nc3 a6 6. Be3 e5 7. Nb3 Be7 8. f3 O-O 9. Qd2 Be6 10. O-O-O Nbd7 11. g4 b5 12. g5 Nh5 13. Kb1 Nb6 14. Na5 Rc8 15. Nd5 Nxd5 16. exd5 Bxd5 17. Qxd5 Qxa5 18. Bd3 g6 19. Rhg1 Nf4 20. Bxf4 exf4 21. Qe4 Rfe8 22. Qxf4 Bf8 23. Be4 Qb4 24. Qd2 Qc5 25. h4 Bg7 26. Qxd6 Qf2 27. Qd2 Qc5 28. a3 a5 29. Qxa5 Qe5 30. c3 Qf4 31. Qb4 Qh2 32. Rh1 Qf2 33. h5 Rc4 34. Qxb5 Rb8 35. Qxb8+ Bf8 36. hxg6 hxg6 37. Rh8+ 1-0


[Site "https://www.chess.com"]

[Event "Titled Tuesday Blitz June 13 Early 2023"]
[White "Timerkhanov, Alexander"]
[Black "Ai, Evan"]
[WhiteFideId "24177938"]
[BlackFideId "2094770"]
[WhiteElo "2278"]
[BlackElo "1963"]
[Result "1-0"]
[Round "4"]
[TimeControl "180+2"]
[Date "2023.06.13"]
[WhiteClock "0:00:10"]
[BlackClock "0:00:00"]
[Board "78"]

1. d4 Nf6 2. Bg5 d5 3. Nd2 Bf5 4. e3 h6 5. Bxf6 exf6 6. g3 Nd7 7. Bg2 c6 8. Ne2 Bd6 9. O-O Qe7 10. c4 dxc4 11. Nxc4 Bc7 12. Nc3 O-O 13. d5 cxd5 14. Nxd5 Qd8 15. Nxc7 Qxc7 16. Rc1 Rad8 17. Qf3 Bd3 18. Nd2 Qa5 19. Rfd1 Ne5 20. Qxb7 Be2 21. Nb3 Rxd1+ 22. Rxd1 Qxa2 23. Nc1 Qa6 24. Qxa6 Bxa6 25. Nb3 Rb8 26. Nc5 Bb5 27. Be4 Nc4 28. b3 Ne5 29. Ra1 Rc8 30. Rxa7 g6 31. b4 Rd8 32. Ra1 f5 33. Bg2 Rd2 34. Rb1 Ng4 35. Bf1 Bxf1 36. Rxf1 Rb2 37. h3 Ne5 38. Rd1 Rxb4 39. Rd5 Rb1+ 40. Kg2 Nc4 41. Rd8+ Kg7 42. Nd3 Rd1 43. Rd4 Nb6 44. Nb4 Rxd4 45. exd4 Kf6 46. Kf3 Ke6 47. Ke3 Nd5+ 48. Nxd5 Kxd5 49. Kd3 f6 50. f4 g5 51. Kc3 h5 52. h4 g4 53. Kd3 Kd6 54. Kc4 Kc6 55. d5+ Kd6 56. Kd4 Kd7 57. Kc5 1-0


[Site "https://www.chess.com"]

[Event "Titled Tuesday Blitz June 13 Early 2023"]
[White "Ginzburg, Yakov"]
[Black "Souleidis, Georgios"]
[WhiteFideId "4157176"]
[BlackFideId "4206827"]
[WhiteElo "2305"]
[BlackElo "2401"]
[Result "1-0"]
[Round "4"]
[TimeControl "180+2"]
[Date "2023.06.13"]
[WhiteClock "0:00:16"]
[BlackClock "0:00:00"]
[Board "79"]

1. d4 Nf6 2. Nf3 g6 3. g3 Bg7 4. Bg2 O-O 5. O-O d6 6. Re1 c6 7. e4 Qc7 8. a4 a5 9. Nc3 e5 10. h3 Na6 11. Be3 Re8 12. dxe5 dxe5 13. Qe2 Nb4 14. Rad1 b6 15. Qd2 Ba6 16. Bg5 Qe7 17. Nb1 Rab8 18. Na3 Qc5 19. Qd6 Nh5 20. c3 Qxd6 21. Rxd6 Nd3 22. Rb1 Rbc8 23. Bf1 Nc5 24. b4 Bxf1 25. bxc5 Be2 26. cxb6 Bxf3 27. b7 Rb8 28. Nc4 Bxe4 29. Nxa5 Bxb1 30. Rxc6 Be4 31. Rc7 Bf8 32. Be3 1-0


[Site "https://www.chess.com"]

[Event "Titled Tuesday Blitz June 13 Early 2023"]
[White "Domingo Nunez, Alejandro"]
[Black "Radzhabov, Rodion"]
[WhiteFideId "22245561"]
[BlackFideId "884715"]
[WhiteElo "2291"]
[BlackElo "2174"]
[Result "1-0"]
[Round "4"]
[TimeControl "180+2"]
[Date "2023.06.13"]
[WhiteClock "0:00:03"]
[BlackClock "0:00:00"]
[Board "80"]

1. Nf3 Nf6 2. g3 d5 3. Bg2 c6 4. O-O Bg4 5. d3 Nbd7 6. h3 Bxf3 7. Bxf3 e6 8. Bg2 Be7 9. e4 O-O 10. Qe2 Qc7 11. f4 dxe4 12. dxe4 e5 13. f5 h6 14. Kh2 Rfd8 15. Nc3 b5 16. Nd1 Nh7 17. h4 Ndf8 18. Nf2 Rd7 19. Be3 Rad8 20. Bh3 Bf6 21. Ng4 Qa5 22. Rf2 Qb4 23. Bc1 Rd1 24. Ne3 R1d7 25. Ng2 Rd1 26. a3 Qe7 27. Ne3 R1d4 28. Bg2 Nd7 29. Ng4 h5 30. Nxf6+ Nhxf6 31. Bg5 Qd6 32. Bf3 Nb6 33. Be3 Rc4 34. b3 Rc3 35. Qe1 Rxe3 36. Qxe3 Qd4 37. Qxd4 Rxd4 38. Kg2 c5 39. Kf1 Kf8 40. Ke1 Ke7 41. Rd1 a5 42. Rxd4 cxd4 43. Kd2 Kd6 44. c3 Kc5 45. Kd3 a4 46. b4+ Kd6 47. cxd4 exd4 48. Kxd4 Nc4 49. Rc2 Ne5 50. Be2 g6 51. Bxb5 gxf5 52. exf5 Nfg4 53. Re2 Nf3+ 54. Kc3 Nge5 55. Bxa4 Ng1 56. Rd2+ 1-0


[Site "https://www.chess.com"]

[Event "Titled Tuesday Blitz June 13 Early 2023"]
[White "Darini, Pouria"]
[Black "cristianserban1"]
[WhiteFideId "12502200"]
[WhiteElo "2482"]
[BlackElo "2503"]
[Result "1-0"]
[Round "4"]
[TimeControl "180+2"]
[Date "2023.06.13"]
[WhiteClock "0:00:49"]
[BlackClock "0:01:06"]
[Board "81"]

1. c4 Nf6 2. Nf3 e6 3. g3 d5 4. Bg2 dxc4 5. Na3 Bxa3 6. Qa4+ Nbd7 7. Qxa3 a6 8. O-O Qe7 9. Qc3 b5 10. b3 cxb3 11. Nd4 Nd5 12. Bxd5 exd5 13. Qxc7 Qc5 14. Qxc5 Nxc5 15. axb3 O-O 16. Ba3 1-0


[Site "https://www.chess.com"]

[Event "Titled Tuesday Blitz June 13 Early 2023"]
[White "Alex_Sahakyan2006"]
[Black "Akylbek2021"]
[WhiteElo "2670"]
[BlackElo "2492"]
[Result "0-1"]
[Round "4"]
[TimeControl "180+2"]
[Date "2023.06.13"]
[WhiteClock "0:00:46"]
[BlackClock "0:01:24"]
[Board "82"]

1. Nf3 Nf6 2. c4 g6 3. g3 Bg7 4. Bg2 O-O 5. O-O d5 6. cxd5 Nxd5 7. Nc3 Nb6 8. d4 Nc6 9. e3 a5 10. h3 a4 11. Qe2 e5 12. dxe5 Nxe5 13. Nxe5 Bxe5 14. e4 Be6 15. Bh6 Re8 16. Rfd1 Qe7 17. Kh2 a3 18. Bc1 Qb4 0-1


[Site "https://www.chess.com"]

[Event "Titled Tuesday Blitz June 13 Early 2023"]
[White "Papayan, Oleg"]
[Black "Nazari, Arad"]
[WhiteFideId "4193911"]
[BlackFideId "12577324"]
[WhiteElo "2167"]
[BlackElo "2175"]
[Result "0-1"]
[Round "4"]
[TimeControl "180+2"]
[Date "2023.06.13"]
[WhiteClock "0:00:06"]
[BlackClock "0:00:12"]
[Board "83"]

1. e4 c5 2. d4 cxd4 3. Qxd4 Nc6 4. Qd3 g6 5. Nc3 Bg7 6. Nf3 d6 7. Be2 Bg4 8. O-O Nf6 9. Nd5 O-O 10. c3 a6 11. Bg5 Bxf3 12. Qxf3 Ne5 13. Qe3 Nxd5 14. exd5 Re8 15. f4 Nd7 16. f5 Qb6 17. fxg6 hxg6 18. Qf2 Qxf2+ 19. Rxf2 Bf6 20. Be3 Rac8 21. a4 Ne5 22. Bd4 Kg7 23. Ra3 Nd7 24. Be3 Nc5 25. a5 Rc7 26. Bf3 Nd3 27. Rd2 Ne5 28. Be2 Nc4 29. Bb6 Nxb6 30. axb6 Rc5 31. Kf2 Rec8 32. g3 Bg5 33. Rd4 Bf6 34. Rd2 g5 35. Ra4 Be5 36. Bg4 Rh8 37. h3 Rb5 38. Kg2 Rxb6 39. Bd7 Rd8 40. Bg4 Rb5 41. Be2 Rc5 42. Bf3 a5 43. Re2 Ra8 44. Rd2 b5 45. Ra2 a4 46. Be2 Rb8 47. Bf3 b4 48. Rxa4 bxc3 49. bxc3 Rxc3 50. Rg4 f6 51. h4 Rbb3 52. Rf2 Kh6 53. hxg5+ fxg5 54. Re4 Rd3 55. Rc4 Bd4 56. Rf1 Rd2+ 57. Kh3 Be5 58. Kg4 Rdd3 59. Rh1+ Kg7 60. Rf1 Re3 61. Rc7 Bf6 62. Rc4 Ra3 63. Re4 Red3 64. Rc4 Rab3 65. Ra4 Rb2 66. Re4 Rbd2 67. Rc4 Rb2 68. Ra4 Rc2 69. Rb4 Rcc3 70. Ra4 Rd2 71. Rb4 Rcd3 72. Ra4 Rd4+ 73. Rxd4 Rxd4+ 74. Kf5 Rd3 75. Ke6 Re3+ 76. Kd7 Be5 77. g4 Bf4 78. Bd1 Kf6 79. Bc2 Ke5 80. Rd1 Kf6 81. Bf5 Ra3 82. Be6 Ra7+ 83. Kc6 Ke5 84. Re1+ Kd4 85. Rd1+ Ke3 86. Rb1 Kf3 87. Rb7 Ra6+ 88. Kd7 Be5 89. Kxe7 Ra4 90. Kf7 Rxg4 91. Bxg4+ Kxg4 92. Ke6 Kh4 93. Rh7+ Kg3 94. Kf5 Bf4 95. Rg7 Kf3 96. Rg6 Ke3 97. Rg7 Kd4 98. Rg6 Kxd5 99. Kg4 Ke4 100. Re6+ Kd5 101. Re7 Kc4 102. Kf3 Kd3 103. Rc7 d5 104. Rc8 d4 105. Rd8 Be3 106. Rd7 Kd2 107. Rd5 Kc3 108. Rc5+ Kb4 109. Rd5 Kc4 110. Ke4 g4 111. Rd8 g3 112. Rg8 Bf2 113. Rc8+ Kb4 114. Rg8 Kc3 115. Rc8+ Kd2 116. Rg8 Ke2 117. Rg7 d3 118. Rg6 d2 119. Rd6 d1=Q 120. Rxd1 Kxd1 121. Kf3 Be1 122. Kg2 Ke2 123. Kh1 Kf3 124. Kg1 g2 125. Kh2 Bg3+ 126. Kg1 Bf2+ 127. Kh2 g1=Q+ 128. Kh3 Qg3# 0-1


[Site "https://www.chess.com"]

[Event "Titled Tuesday Blitz June 13 Early 2023"]
[White "Ashraf, Artin"]
[Black "Kovalevsky, Stanislav"]
[WhiteFideId "22514805"]
[BlackFideId "13508598"]
[WhiteElo "2224"]
[BlackElo "2112"]
[Result "1-0"]
[Round "4"]
[TimeControl "180+2"]
[Date "2023.06.13"]
[WhiteClock "0:00:03"]
[BlackClock "0:00:20"]
[Board "84"]

1. e4 e6 2. d3 d5 3. Nd2 b6 4. g3 Bb7 5. Bg2 f5 6. exf5 exf5 7. Ne2 Nf6 8. O-O Bd6 9. Nd4 Qd7 10. Re1+ Kf7 11. N2f3 c5 12. Ng5+ Kg6 13. Ndf3 h5 14. Nh4+ Kh6 15. Qf3 f4 16. Bxf4 Bxf4 17. Qxf4 Qg4 18. Nf7+ Kh7 19. Nxh8 Qxf4 20. gxf4 Kxh8 21. Re7 Nbd7 22. Bh3 Rd8 23. Rae1 Kg8 24. Be6+ Kf8 25. Ng6# 1-0


[Site "https://www.chess.com"]

[Event "Titled Tuesday Blitz June 13 Early 2023"]
[White "Koshulyan, Egor A."]
[Black "Jovic, Stanoje"]
[WhiteFideId "24237000"]
[BlackFideId "905020"]
[WhiteElo "2216"]
[BlackElo "2236"]
[Result "1-0"]
[Round "4"]
[TimeControl "180+2"]
[Date "2023.06.13"]
[WhiteClock "0:00:10"]
[BlackClock "0:00:00"]
[Board "85"]

1. e4 c6 2. d4 d5 3. e5 c5 4. dxc5 e6 5. Qg4 h5 6. Qg3 Ne7 7. Bd3 h4 8. Qg4 Nd7 9. Nf3 Nxc5 10. Nxh4 Nxd3+ 11. cxd3 Qc7 12. Bf4 Qc2 13. O-O Qxb2 14. Nd2 Qd4 15. Nhf3 Qxd3 16. Rac1 Qf5 17. Qg3 Bd7 18. Rc7 Bc6 19. Nd4 Qg6 20. Nxc6 Qxg3 21. Bxg3 Nxc6 22. Rxb7 Bb4 23. Nb3 a5 24. Rc1 Ne7 25. Rcc7 O-O 26. Nd4 Ng6 27. h4 Rac8 28. h5 Rxc7 29. Rxc7 Ne7 30. Bh4 Nf5 31. Nxf5 exf5 32. Kf1 d4 33. Ke2 Bc3 34. Kd3 Rb8 35. Bg3 Rb2 36. e6 Rd2+ 37. Kc4 fxe6 38. Be5 Rxf2 39. Rxg7+ Kf8 40. h6 d3 41. Bxc3 d2 42. Rd7 d1=Q 43. Rxd1 Kg8 44. Rd7 Rf4+ 45. Kb5 Rh4 46. Rg7+ Kf8 47. h7 e5 48. Bxe5 1-0


[Site "https://www.chess.com"]

[Event "Titled Tuesday Blitz June 13 Early 2023"]
[White "Sadykov, Ramil"]
[Black "Goncalves, Davi Sulzbacher"]
[WhiteFideId "24113590"]
[BlackFideId "2154510"]
[WhiteElo "2245"]
[BlackElo "2182"]
[Result "1-0"]
[Round "4"]
[TimeControl "180+2"]
[Date "2023.06.13"]
[WhiteClock "0:01:45"]
[BlackClock "0:00:00"]
[Board "86"]

1. d4 Nf6 2. Nc3 d5 3. Bf4 c6 4. e3 Bf5 5. Nf3 e6 6. Ne5 Nbd7 7. g4 Bg6 8. h4 Bb4 9. h5 Nxe5 10. dxe5 Ne4 11. hxg6 Nxc3 12. Qd2 Qa5 13. gxf7+ Kxf7 14. a3 c5 15. Rc1 d4 16. axb4 Qxb4 17. bxc3 1-0


[Site "https://www.chess.com"]

[Event "Titled Tuesday Blitz June 13 Early 2023"]
[White "De Silva, L M S T"]
[Black "Kuznetsov, Mikhail"]
[WhiteFideId "9953698"]
[BlackFideId "4117190"]
[WhiteElo "2395"]
[BlackElo "1981"]
[Result "1-0"]
[Round "4"]
[TimeControl "180+2"]
[Date "2023.06.13"]
[WhiteClock "0:01:32"]
[BlackClock "0:00:00"]
[Board "87"]

1. c4 Nf6 2. Nc3 d5 3. cxd5 Nxd5 4. g3 g6 5. Bg2 Nb6 6. Nf3 Bg7 7. d4 O-O 8. O-O Nc6 9. d5 Na5 10. e4 c6 11. Nd4 cxd5 12. exd5 Nac4 13. b3 Nd6 14. Bb2 Nf5 15. Nde2 Bd7 16. Qd2 Rc8 17. Rfd1 Qe8 18. a4 e6 19. Ba3 Nxd5 20. Rac1 Nxc3 21. Nxc3 Bc6 22. Bxc6 Qxc6 23. Bxf8 Bxc3 24. Rxc3 Qxc3 25. Qxc3 Rxc3 26. Rd8 Rd3 27. Rxd3 Kxf8 28. Rd7 a5 29. Rxb7 Nd4 30. b4 axb4 31. a5 Nc6 32. a6 b3 33. Rxb3 Ke7 34. a7 Kd6 35. a8=Q 1-0


[Site "https://www.chess.com"]